 Dungeon Crawl Stone Soup version 0.25-a0-549-g6e6e650 (webtiles) character file.

Game seed: 13421939568237616974, levelgen mode: deterministic

2350 wolfsongas the Cleaver (level 9, -1/74 HPs)
             Began as a Gnoll Wanderer on Feb 23, 2020.
             Slain by a hog (10 damage)
             ... on level 7 of the Dungeon.
             The game lasted 00:06:36 (5835 turns).

wolfsongas the Cleaver (Gnoll Wanderer)             Turns: 5835, Time: 00:06:37

Health: -1/74      AC: 13    Str: 16    XL:     9   Next: 43%
Magic:  24/24      EV: 13    Int: 19    God:
Gold:   226        SH:  0    Dex: 16    Spells: 16/16 levels left

rFire    . . .     SeeInvis .   a - +3 hand axe
rCold    + . .     Gourm    .   (no shield)
rNeg     . . .     Faith    .   u - +0 ring mail {MR+}
rPois    .         Spirit   .   (no helmet)
rElec    .         Reflect  .   o - +1 cloak
rCorr    +         Harm     .   n - +2 pair of gloves
MR       +....                  g - +1 pair of boots
Stlth    +++.......             i - amulet of rage
HPRegen  0.22/turn              r - ring of Goquz {rCorr MP+9 Int+4 Stlth+}
MPRegen  0.19/turn              t - ring of protection from cold

@: no status effects
A: distributed training, fangs 1, strong nose
a: Evoke Berserk Rage


You were on level 7 of the Dungeon.
You were not hungry.

You visited 1 branch of the dungeon, and saw 7 of its levels.

You collected 226 gold pieces.

Inventory:

Hand Weapons
 a - a +3 hand axe (weapon)
 d - a +0 dagger
Missiles
 c - 61 poisoned darts (quivered)
Armour
 g - a +1 pair of boots (worn)
 k - a +0 chain mail
 l - a +0 plate armour
 n - a +2 pair of gloves (worn)
 o - a +1 cloak (worn)
 u - a +0 ring mail of magic resistance (worn)
Jewellery
 i - an amulet of rage (around neck)
 r - the ring of Goquz (left hand) {rCorr MP+9 Int+4 Stlth+}
   (You found it on level 4 of the Dungeon)

   [ring of resist corrosion]

   It affects your intelligence (+4).
   It affects your magic capacity (+9).
   It provides partial protection from all sources of acid and corrosion.
   It makes you more stealthy.
 t - a ring of protection from cold (right hand)
Wands
 q - a wand of paralysis (9)
Scrolls
 b - a scroll of identify
 j - 2 scrolls of blinking
 s - a scroll of enchant weapon
Potions
 e - 2 potions of curing
 h - 2 potions of lignification
 m - 6 potions of brilliance
Comestibles
 f - 11 rations


   Skills:
 + Level 7.8 Fighting
 + Level 4.1 Short Blades
 + Level 4.1 Long Blades
 + Level 9.5 Axes
 + Level 4.1 Maces & Flails
 + Level 4.1 Polearms
 + Level 4.1 Staves
 + Level 4.1 Slings
 + Level 4.1 Bows
 + Level 4.1 Crossbows
 + Level 5.0 Throwing
 + Level 5.0 Armour
 + Level 4.1 Dodging
 + Level 4.1 Stealth
 + Level 5.0 Shields
 + Level 4.1 Unarmed Combat
 + Level 4.1 Spellcasting
 + Level 3.4 Conjurations
 + Level 3.4 Hexes
 + Level 3.4 Charms
 + Level 3.4 Summonings
 + Level 3.4 Necromancy
 + Level 3.4 Translocations
 + Level 3.4 Transmutations
 + Level 3.4 Fire Magic
 + Level 3.4 Ice Magic
 + Level 3.4 Air Magic
 + Level 3.4 Earth Magic
 + Level 3.4 Poison Magic
 + Level 4.6 Invocations
 + Level 4.1 Evocations


You had 16 spell levels left.
You didn't know any spells.
Your spell library contained the following spells:

 Spells                   Type           Power        Failure   Level  Hunger
 Conjure Flame            Conj/Fire      ###.....     19%         3    ###....
 Blade Hands              Tmut           ###.......   86%         5    ######.
 Bolt of Magma            Conj/Fire/Erth ###.......   86%         5    ######.


Dungeon Overview and Level Annotations

Branches:
Dungeon (7/15)
 Temple: D:4-7

Altars:
Cheibriados
Elyvilon
Fedhas
Gozag
Hepliaklqana
Qazlal
Xom

Shops:
D:4 (   D:5 %   D:7 }


Innate Abilities, Weirdness & Mutations

Your experience applies equally to all skills.
You have very sharp teeth.
Your uncanny sense of smell can sniff out nearby items.


Message History

You slash the hog! The hog bites you!
* * * LOW HITPOINT WARNING * * *
The hog bites you!
* * * LOW HITPOINT WARNING * * *
You slash the hog!
The hog is almost dead.
You hit the hog. The hog barely misses you.
The hog bites you but does no damage.
You feel better. The hog bites you!
* * * LOW HITPOINT WARNING * * *
The hog bites you.
* * * LOW HITPOINT WARNING * * *
You hit the hog.
You kill the hog!
Your Throwing skill increases to level 5!
Your Armour skill increases to level 5!
Your Shields skill increases to level 5!
You slash the hog! The hog misses you. The hog bites you but does no damage.
The hog bites you!
You die...

.......... ..#######.
#.# #.# # ..# ..
####### ### #.#
#.....# # #.# #.....#
## #.#####'### .## ##
#...#.@..%# ..##
##.##...'h).%%#
...####...#.#.#######
...+.................
...# ##...#.#########
..## ##.##.# .##
##.#.# ## #.#..# #
#.###


You could see a hog.

Vanquished Creatures
  A two-headed ogre (D:6)
  Sigmund (D:5)
  A yak (D:7)
  A human (D:7)
  2 hogs (D:7)
  A water moccasin (D:7)
  A black bear (D:7)
  2 centaurs
  A crimson imp (D:6)
  2 jellies
  2 hounds
  3 orc priests
  2 orc wizards (D:5)
  Jessica (D:3)
  A worker ant (D:7)
  2 howler monkey zombies (D:5)
  2 worker ant zombies (D:5)
  3 gnolls (D:4)
  10 adders
  A shadow imp (D:3)
  An adder zombie (D:7)
  4 dart slugs
  5 leopard geckos
  16 orcs
  2 ball pythons
  2 giant cockroaches
  9 goblins
  10 hobgoblins
  8 jackals
  5 kobolds
  2 quokkas
  8 bats
  5 frilled lizards
  A quokka skeleton (D:4)
  9 rats
127 creatures vanquished.

Notes
Turn   | Place    | Note
-------+----------+-------------------------------------------
     0 | D:1      | wolfsongas the Gnoll Wanderer began the quest for the Orb.
     0 | D:1      | wolfsongas set off with the following items: a +2 hand axe,
                  | a +0 ring mail, 13 poisoned darts, a +0 dagger, a ration
     0 | D:1      | Reached XP level 1. HP: 23/23 MP: 1/1
   143 | D:1      | Reached XP level 2. HP: 28/29 MP: 2/2
   544 | D:1      | Reached XP level 3. HP: 33/35 MP: 3/3
   729 | D:2      | Reached skill level 1 in Invocations
   742 | D:2      | Reached skill level 1 in Short Blades
   742 | D:2      | Reached skill level 1 in Long Blades
   742 | D:2      | Reached skill level 1 in Maces & Flails
   742 | D:2      | Reached skill level 1 in Polearms
   742 | D:2      | Reached skill level 1 in Staves
   742 | D:2      | Reached skill level 1 in Slings
   742 | D:2      | Reached skill level 1 in Bows
   742 | D:2      | Reached skill level 1 in Crossbows
   742 | D:2      | Reached skill level 1 in Dodging
   742 | D:2      | Reached skill level 1 in Stealth
   742 | D:2      | Reached skill level 1 in Unarmed Combat
   742 | D:2      | Reached skill level 1 in Spellcasting
   742 | D:2      | Reached skill level 1 in Evocations
   742 | D:2      | Reached XP level 4. HP: 33/41 MP: 5/5
   792 | D:2      | Found a snail-covered altar of Cheibriados.
  1006 | D:2      | Reached skill level 1 in Conjurations
  1006 | D:2      | Reached skill level 1 in Hexes
  1006 | D:2      | Reached skill level 1 in Charms
  1006 | D:2      | Reached skill level 1 in Summonings
  1006 | D:2      | Reached skill level 1 in Necromancy
  1006 | D:2      | Reached skill level 1 in Translocations
  1006 | D:2      | Reached skill level 1 in Transmutations
  1006 | D:2      | Reached skill level 1 in Fire Magic
  1006 | D:2      | Reached skill level 1 in Ice Magic
  1006 | D:2      | Reached skill level 1 in Air Magic
  1006 | D:2      | Reached skill level 1 in Earth Magic
  1006 | D:2      | Reached skill level 1 in Poison Magic
  1344 | D:2      | Reached XP level 5. HP: 47/47 MP: 6/6
  1784 | D:3      | Reached XP level 6. HP: 22/53 MP: 8/8
  2321 | D:3      | Noticed Jessica
  2327 | D:3      | Killed Jessica
  3187 | D:4      | Found Kuchec's Antique Weapon Emporium.
  3531 | D:4      | Got a scintillating lead ring
  3604 | D:4      | Identified the ring of Goquz {rCorr MP+9 Int+4 Stlth+} (You
                  | found it on level 4 of the Dungeon)
  3629 | D:5      | Entered Level 5 of the Dungeon
  3644 | D:5      | Noticed an air elemental
  3672 | D:5      | Identified the Reference Book on the Mutagenic Arsonist
  3697 | D:5      | Found a blossoming altar of Fedhas.
  3713 | D:5      | Found a stormy altar of Qazlal.
  3716 | D:5      | Noticed Sigmund
  3730 | D:5      | Killed Sigmund
  3730 | D:5      | Reached XP level 7. HP: 50/59 MP: 10/10
  3939 | D:5      | Found Femaxo's Food Shop.
  3981 | D:5      | Found a stormy altar of Qazlal.
  3981 | D:5      | Noticed a water elemental
  4002 | D:5      | Noticed a fire elemental
  4124 | D:5      | Found a hazy altar of Hepliaklqana.
  4125 | D:5      | Found a shimmering altar of Xom.
  4126 | D:5      | Noticed a spectral ugly thing
  4599 | D:6      | Reached skill level 9 in Axes
  4615 | D:6      | Found a white marble altar of Elyvilon.
  5153 | D:7      | Noticed a two-headed ogre
  5168 | D:6      | Killed a two-headed ogre
  5168 | D:6      | Reached XP level 8. HP: 29/67 MP: 13/13
  5410 | D:7      | Found an opulent altar of Gozag.
  5576 | D:7      | Found Cun Ext's Gadget Shop.
  5679 | D:7      | Reached XP level 9. HP: 66/72 MP: 14/14
  5834 | D:7      | Reached skill level 5 in Throwing
  5834 | D:7      | Reached skill level 5 in Armour
  5834 | D:7      | Reached skill level 5 in Shields
  5835 | D:7      | Slain by a hog

Levels and vault maps discovered:
D:1:      saegor_arrival_miasma, layout_basic, minmay_pentomino_o2
D:2:      layout_basic, kennysheep_slug_shrine, serial_park_tiny_1
D:3:      layout_basic, first_ration, uniq_jessica
D:4:      layout_basic, serial_shops, nicolae_shop_statue_plus,
          hangedman_decor_riveting
D:5:      layout_basic, grunt_temple_overflow_forces_of_nature,
          regret_index_temple_of_mockery, serial_shops, nicolae_shop_waterfront,
          hangedman_decor_slide_cut, minmay_misc_feat_rugged,
          nicolae_qazlal_style_of_elements, uniq_sigmund
D:6:      layout_basic, marbit_many_paths
D:7:      layout_loops_corners, minitemple, overflow_temple_1_default,
          minmay_temple_entry_mini_moons, serial_shops, shop, grunt_livestock,
          chequers_decorated_corner

Skill      XL: |  1  2  3  4  5  6  7  8  9 |
---------------+----------------------------+-----
Invocations    | 1 2 3 4 |  4.6
Short Blades   | 1 2 3 4 |  4.1
Long Blades    | 1 2 3 4 |  4.1
Maces & Flails | 1 2 3 4 |  4.1
Polearms       | 1 2 3 4 |  4.1
Staves         | 1 2 3 4 |  4.1
Slings         | 1 2 3 4 |  4.1
Bows           | 1 2 3 4 |  4.1
Crossbows      | 1 2 3 4 |  4.1
Dodging        | 1 2 3 4 |  4.1
Stealth        | 1 2 3 4 |  4.1
Unarmed Combat | 1 2 3 4 |  4.1
Spellcasting   | 1 2 3 4 |  4.1
Evocations     | 1 2 3 4 |  4.1
Conjurations   | 1 2 3 |  3.4
Hexes          | 1 2 3 |  3.4
Charms         | 1 2 3 |  3.4
Summonings     | 1 2 3 |  3.4
Necromancy     | 1 2 3 |  3.4
Translocations | 1 2 3 |  3.4
Transmutations | 1 2 3 |  3.4
Fire Magic     | 1 2 3 |  3.4
Ice Magic      | 1 2 3 |  3.4
Air Magic      | 1 2 3 |  3.4
Earth Magic    | 1 2 3 |  3.4
Poison Magic   | 1 2 3 |  3.4
Throwing       | 3 4 5 |  5.0
Armour         | 3 4 5 |  5.0
Shields        | 3 4 5 |  5.0
Fighting       | 7 |  7.8
Axes           | 9 |  9.5

Action                   |  1- 3 |  4- 6 |  7- 9 || total
-------------------------+-------+-------+-------++-------
Melee: Hand axe          |    61 |   209 |   155 ||   425
       Bite              |     4 |    20 |    24 ||    48
       Punch             |       |     1 |     6 ||     7
  Use: Scroll            |     2 |     9 |     1 ||    12
       Potion            |       |     3 |     5 ||     8
 Stab: Sleeping          |       |       |     3 ||     3
  Eat: Chunk             |       |     9 |     3 ||    12
       Ration            |       |       |     1 ||     1
Armor: Ring mail         |    17 |    49 |    47 ||   113
       Chain mail        |       |    38 |    32 ||    70
Dodge: Dodged            |    23 |    97 |    82 ||   202

Table legend:
 A = Non-vault XP
 B = Vault XP
 C = Vault XP percentage of total XP
 D = Non-vault monster count
 E = Vault monster count
 F = Vault count percentage of total count
                 A         B        C        D         E       F
            +---------+---------+-------+---------+---------+-------
      Total |    2170 |    1188 |  35.4 |     118 |       9 |   7.1
            +---------+---------+-------+---------+---------+-------
        D:1 |      36 |       2 |   5.3 |      20 |       1 |   4.8
        D:2 |     178 |       4 |   2.2 |      32 |       1 |   3.0
        D:3 |     139 |      37 |  21.0 |      23 |       1 |   4.2
        D:4 |      72 |       0 |   0.0 |      14 |       0 |   0.0
        D:5 |     163 |     231 |  58.6 |       8 |       1 |  11.1
        D:6 |    1052 |     122 |  10.4 |      10 |       1 |   9.1
        D:7 |     530 |     792 |  59.9 |      11 |       4 |  26.7
            +---------+---------+-------+---------+---------+-------
